 Dungeon Crawl Stone Soup version 0.31-a0-1611-g890cdf5628 (webtiles) character file.

Game seed: 16554799729676550565

581 Laraso the Shooter (level 7, 52/52 HPs)
             Began as a Green Draconian Hexslinger on Jan 9, 2024.
             Quit the game on level 5 of the Dungeon.
             The game lasted 00:04:41 (3481 turns).

Laraso the Shooter (Green Draconian Hexslinger)     Turns: 3481, Time: 00:04:42

Health: 52/52      AC:  9    Str: 11    XL:     7   Next: 13%
Magic:  4/8        EV: 12    Int: 13    God:
Gold:   202        SH:  0    Dex: 15    Spells: 6/8 levels left

rFire   . . .        a - +1 sling
rCold   . . .        l - orb {light}
rNeg    . . .        (body armour unavailable)
rPois   +            (helmet restricted)
rElec   .            c - +0 cloak
rCorr   .            (no gloves)
SInv    .            k - +1 pair of boots
Will    .....        (no amulet)
Stlth   +            (no ring)
HPRegen 0.28/turn    (no ring)
MPRegen 0.11/turn

%: no passive effects
@: weak-willed, jinxed, glowing
A: breathe noxious fumes, AC +6, unfitting armour, poison resistance,
cold-blooded
a: Breathe Noxious Fumes


You were on level 5 of the Dungeon.
You visited 1 branch of the dungeon, and saw 5 of its levels.

You collected 202 gold pieces.

Inventory:

Hand Weapons
 a - a +1 sling (weapon)
Armour
 c - a +0 cloak (worn)
 k - a +1 pair of boots (worn)
 l - an orb of light (worn)
Jewellery
 u - a +5 ring of evasion
Wands
 o - a wand of iceblast (9)
Scrolls
 b - a scroll of poison
 d - 3 scrolls of teleportation {unknown}
 e - a scroll of revelation {unknown}
 g - 2 scrolls of fear {unknown}
 h - 2 scrolls of vulnerability {unknown}
 m - 2 scrolls of identify {unknown}
 n - a scroll of blinking {unknown}
 r - 2 scrolls of enchant armour {unknown}
 t - a scroll of torment {unknown}
Potions
 f - a potion of brilliance
 i - a potion of resistance {unknown}
 j - a potion of attraction {unknown}
 p - a potion of lignification {unknown}
 q - a potion of ambrosia {unknown}
 s - 2 potions of curing


   Skills:
 - Level 1.1 Fighting
 * Level 5.9 Ranged Weapons
 - Level 1.7 Dodging
 - Level 1.0 Spellcasting
 + Level 4.8 Hexes
 - Level 1.0 Fire Magic


You had 6 spell levels left.
You knew the following spells:

 Your Spells              Type           Power      Damage    Failure   Level
a - Jinxbite              Hex            26%        N/A       6%          2

Your spell library contained the following spells:

 Spells                   Type           Power      Damage    Failure   Level
 Sigil of Binding         Hex            13%        N/A       12%         3
 Inner Flame              Hex/Fire       8%         N/A       26%         3
 Summon Small Mammal      Summ           0%         N/A       28%         1
 Cause Fear               Hex            6%         N/A       36%         4
 Call Canine Familiar     Summ           0%         N/A       63%         3
 Fugue of the Fallen      Necr           0%         N/A       63%         3
 Ozocubu's Armour         Ice            0%         N/A       63%         3
 Dimensional Bullseye     Hex/Tloc       3%         N/A       71%         4
 Summon Blazeheart Golem  Fire/Summ      1%         N/A       92%         4
 Manifold Assault         Tloc           0%         N/A       95%         4


Dungeon Overview and Level Annotations

Branches:
Dungeon (5/15)
 Temple: D:4-7

Altars:
Ashenzari
Fedhas
Ru

Annotations:
D:3 3 runed translucent doors, Laraso's ghost, amateur DrFE; TheScarfBastard's ghost, weakling DsBe; xnavy's ghost, amateur DsCA


Innate Abilities, Weirdness & Mutations

You can breathe blasts of noxious fumes.
Your lurid green scales are hard. (AC +6)
You cannot fit into any form of body armour.
Your system is resistant to poisons. (rPois)
You are cold-blooded and may be slowed by cold attacks.


Message History

You shoot a sling bullet. The sling bullet hits the phantom.
The phantom is moderately damaged.
You shoot a sling bullet.
The sling bullet barely misses the phantom.
The phantom closely misses you.
You shoot a sling bullet.
The sling bullet hits the phantom but does no damage.
The phantom is moderately damaged.
The phantom seems less drained.
The phantom closely misses you.
You shoot a sling bullet.
The sling bullet completely misses the phantom.
The phantom hits you but does no damage.
You shoot a sling bullet. The sling bullet hits the phantom.
The phantom is heavily damaged.
A giggling sprite leaps out and smacks the phantom with its own hand.
The phantom is heavily damaged.
The phantom hits you but does no damage.
Casting: Jinxbite (safe; 6% risk of failure)
Confirm with . or Enter, or press ? or * to list all spells.
You beckon more vexing sprites to accompany your attacks.
You feel your willpower being sapped. The phantom misses you.
You shoot a sling bullet.
The sling bullet hits the phantom but does no damage.
The phantom is heavily damaged.
The phantom seems less drained.
The phantom closely misses you.
You shoot a sling bullet. The sling bullet hits the phantom!
The phantom is almost destroyed.
A giggling sprite leaps out and doodles on the phantom's face.
The phantom is almost destroyed.
The phantom hits you but does no damage.
You shoot a sling bullet. The sling bullet hits the phantom.
The phantom is almost destroyed.
A giggling sprite leaps out and doodles on the phantom's face.
You destroy the phantom!
You have reached level 7!
Your scales start taking on a lurid green colour.
You learn Alchemy much quicker.
You can breathe blasts of noxious fumes.
You feel resistant to poisons.
Are you sure you want to abandon this character and quit the game? (Confirm with "yes".)

.# .# .# .###
...
########.######
#<.............
####...@.......
#.###.######
#.# .# #.# .#
#.# .# #.# .#
#.# .# #. .#


There were no monsters in sight!

Vanquished Creatures
  A phantom (D:5)
  2 scorpions (D:4)
  A hound (D:4)
  2 orc priests (D:3)
  A sleepcap (D:4)
  An iguana (D:4)
  Ijyb (D:3)
  An orc wizard (D:3)
  Robin (D:4)
  4 gnolls (D:4)
  3 adders
  7 dart slugs
  4 ribbon worms
  6 orcs
  11 ball pythons
  6 bats
  6 endoplasms
  2 giant cockroaches
  15 goblins
  10 hobgoblins
  A quokka (D:2)
  5 frilled lizards
  7 kobolds
  5 rats
103 creatures vanquished.

Notes
Turn   | Place    | Note
-------+----------+-------------------------------------------
     0 | D:1      | Laraso the Draconian Hexslinger began the quest for the
                  | Orb.
     0 | D:1      | Reached XP level 1. HP: 16/16 MP: 2/2
    18 | D:1      | Reached skill level 2 in Ranged Weapons
    38 | D:1      | Reached XP level 2. HP: 23/23 MP: 3/3
   280 | D:1      | Learned a level 2 spell: Jinxbite
   630 | D:2      | Reached XP level 3. HP: 28/28 MP: 4/4
   836 | D:2      | Reached skill level 3 in Ranged Weapons
   900 | D:2      | Found a blossoming altar of Fedhas.
  1172 | D:3      | Reached XP level 4. HP: 35/35 MP: 2/5
  1476 | D:3      | Reached skill level 4 in Ranged Weapons
  1476 | D:3      | Reached XP level 5. HP: 12/40 MP: 1/6
  1676 | D:3      | Found a sacrificial altar of Ru.
  1892 | D:3      | Noticed Ijyb
  1911 | D:3      | Killed Ijyb
  1990 | D:3      | Found a runed translucent gate.
  1990 | D:3      | Found a runed translucent gate.
  1990 | D:3      | Found a runed translucent gate.
  1990 | D:3      | Noticed xnavy's ghost (amateur DsCA)
  1990 | D:3      | Noticed TheScarfBastard's ghost (weakling DsBe)
  1991 | D:3      | Noticed Laraso's ghost (amateur DrFE)
  2470 | D:4      | Reached XP level 6. HP: 46/47 MP: 1/7
  2552 | D:4      | Reached skill level 5 in Ranged Weapons
  2778 | D:4      | Found a broken altar of Ashenzari.
  3204 | D:4      | Noticed Robin
  3212 | D:4      | Killed Robin
  3422 | D:5      | Entered Level 5 of the Dungeon
  3422 | D:5      | Noticed a vampire
  3481 | D:5      | Your scales start taking on a lurid green colour.
  3481 | D:5      | Reached XP level 7. HP: 52/52 MP: 4/8
  3481 | D:5      | Gained mutation: Your system is resistant to poisons.
                  | (rPois) [Green Draconian growth]
  3481 | D:5      | Quit the game

Illustrated notes

Levels and vault maps discovered:
D:1:      dpeg_arrival_ternary, layout_basic, item_on_display_a
D:2:      layout_basic, basic_altar, palyth_stone_intersect,
          minmay_misc_feat_chi
D:3:      layout_rooms, hangedman_ru_absence, gammafunk_ghost_cemetery,
          uniq_ijyb
D:4:      layout_basic, ashenzari_conservatory_becter, uniq_robin
D:5:      layout_basic, mainiacjoe_overflow_cross_hatched,
          fedhas_altar_decomposition, nicolae_shop_self_help, uniq_eustachio

Skill      XL: |  1  2  3  4  5  6 |
---------------+-------------------+-----
Ranged Weapons | 2 3 4 5 |  5.9
Hexes          | 3 4 |  4.8
Fighting       | |  1.1
Dodging        | |  1.7
Spellcasting   | |  1.0
Fire Magic     | |  1.0

Action                     |  1- 3 |  4- 6 |  7- 9 || total
---------------------------+-------+-------+-------++-------
  Melee: Sling             |       |     2 |       ||     2
   Fire: Sling             |   118 |   209 |       ||   327
   Cast: Jinxbite          |     5 |    36 |       ||    41
    Use: Potion            |       |     2 |       ||     2
 Armour: Skin              |    20 |    81 |       ||   101
  Dodge: Dodged            |    23 |    73 |       ||    96

Table legend: (Time is in decaauts)
 A = Elapsed time spent in this place.
 B = Non-inter-level travel time spent in this place.
 C = Inter-level travel time spent in this place.
 D = Time resting spent in this place.
 E = Time spent auto-exploring this place.
 F = Levels seen in this place.
 G = Mean time per level.
                   A        B        C        D        E       F      G
               +--------+--------+--------+--------+--------+-----+--------+
         Total |   3549 |   3313 |    236 |     94 |   2556 |   5 |  709.8 |
       Dungeon |   3549 |   3313 |    236 |     94 |   2556 |   5 |  709.8 |
               +--------+--------+--------+--------+--------+-----+--------+

Top non-repeatable levels by time:
     D:3: 1188 daAuts
     D:4: 1152 daAuts
     D:1: 631 daAuts
     D:2: 555 daAuts
     D:5: 22 daAuts
